 Dungeon Crawl Stone Soup version 0.23.0-3-gf3c87f2df8 (webtiles) character file.

Game seed: 17338867785485140658

8 Kass the Sneak (level 2, 0/13 HPs)
             Began as a Spriggan Enchanter on Feb 21, 2019.
             Slain by a hobgoblin
             ... wielding a +0 club
              (3 damage)
             ... on level 1 of the Dungeon.
             The game lasted 00:01:01 (169 turns).

Kass the Sneak (Spriggan Enchanter)                  Turns: 169, Time: 00:01:02

Health: 0/13       AC:  2    Str:  4    XL:     2   Next: 0%
Magic:  3/6        EV: 18    Int: 16    God:
Gold:   24         SH:  0    Dex: 16    Spells: 5/6 levels left

rFire    . . .     SeeInvis +   a - +1 dagger
rCold    . . .     Gourm    .   (shield restricted)
rNeg     . . .     Faith    .   b - +0 robe
rPois    .         Spirit   .   (helmet restricted)
rElec    .         Reflect  .   (no cloak)
rCorr    .         Harm     .   (gloves unavailable)
MR       .....                  (boots unavailable)
Stlth    +++.......             (no amulet)
HPRegen  0.04/turn              (no ring)
MPRegen  0.10/turn              (no ring)

@: very quick
A: very small, unfitting armour, see invisible, herbivore, speed 3, slow
metabolism 2
a: no special abilities


You were on level 1 of the Dungeon.
You were not hungry.

You visited 1 branch of the dungeon, and saw 1 of its levels.

You collected 24 gold pieces.

Inventory:

Hand Weapons
 a - a +1 dagger (weapon)
Armour
 b - a +0 robe (worn)
Scrolls
 c - 3 scrolls of identify {unknown}
 f - a scroll of teleportation {unknown}
Potions
 e - a potion of heal wounds {unknown}
Comestibles
 d - a ration


   Skills:
 - Level 1.1 Short Blades
 - Level 3.0 Dodging
 + Level 4.9 Stealth
 - Level 2.6 Spellcasting
 + Level 4.0 Hexes


You had 5 spell levels left.
You knew the following spells:

 Your Spells              Type           Power        Failure   Level  Hunger
a - Corona                Hex            ###....      3%          1    #......

Your spell library contained the following spells:

 Spells                   Type           Power        Failure   Level  Hunger
 Confuse                  Hex            ###.....     11%         3    ###....
 Tukima's Dance           Hex            ###.....     11%         3    ###....
 Ensorcelled Hibernation  Hex/Ice        #.....       13%         2    ##.....
 Dazzling Spray           Conj/Hex       #.....       26%         3    ###....


Dungeon Overview and Level Annotations

Branches:
Dungeon (1/15)

Altars:


Innate Abilities, Weirdness & Mutations

You are very small and have problems with some larger weapons.
You are too small for most types of armour.
You have supernaturally acute eyesight. (SInv)
You are a herbivore.
You cover ground extremely quickly.
You need to consume almost no food.


Message History

The hobgoblin is outlined in light.
The goblin closely misses you. The hobgoblin hits you with a +0 club.
You closely miss the hobgoblin. The goblin completely misses you.
The hobgoblin misses you.
You hit the hobgoblin but do no damage. The goblin misses you.
You hit the hobgoblin.
The hobgoblin is moderately wounded.
The hobgoblin misses you. The goblin barely misses you.
You hit the hobgoblin.
The hobgoblin is heavily wounded.
The hobgoblin closely misses you. The goblin closely misses you.
You barely miss the hobgoblin.
The hobgoblin is heavily wounded.
The hobgoblin hits you with a +0 club.
* * * LOW HITPOINT WARNING * * *
The goblin misses you.
You hit the hobgoblin but do no damage.
The hobgoblin is heavily wounded.
The goblin closely misses you. The hobgoblin hits you with a +0 club.
You die...

..........# ..# #......g..
#.# #>...g..## #.#
#.......# #.# #g# #.# #)#
###.# #.#
####...###########g#
................@g.#
####.############### ## .
#.# .#.# #.# #### .#.#
##.# #..# ...# #..#
##..##########..## ###.##
#................# #...#
########.#...........##.#.
#.###
#........#................


You could see a hobgoblin and a goblin.

Vanquished Creatures
  A goblin (D:1)
  A hobgoblin (D:1)
  2 kobolds (D:1)
  3 bats (D:1)
7 creatures vanquished.

Notes
Turn   | Place    | Note
-------+----------+-------------------------------------------
     0 | D:1      | Kass the Spriggan Enchanter began the quest for the Orb.
     0 | D:1      | Reached XP level 1. HP: 9/9 MP: 5/5
   162 | D:1      | Reached XP level 2. HP: 6/13 MP: 3/6
   169 | D:1      | Slain by a hobgoblin

Skill      XL: |  1 |
---------------+----+-----
Hexes          | 4 |  4.0
Short Blades   | |  1.1
Dodging        | |  3.0
Stealth        | |  4.9
Spellcasting   | |  2.6

Action                   || total
-------------------------++-------
Melee: Dagger            ||    51
 Cast: Corona            ||     8
 Stab: Sleeping          ||     1
Armor: Robe              ||     6
Dodge: Dodged            ||    83
